 Dungeon Crawl Stone Soup version 0.30-a0-279-g4b46babb21 (webtiles) character file.

Game seed: 2534557143729330517

1387 slphil the Shield-Bearer (level 9, -6/69 HPs)
             Began as a Formicid Fighter on Oct 17, 2022.
             Was a Follower of Makhleb.
             Mangled by a gnoll sergeant
             ... wielding a +6 trident of distortion
              (15 damage)
             ... on level 6 of the Dungeon.
             The game lasted 00:08:53 (4839 turns).

slphil the Shield-Bearer (Formicid Fighter)         Turns: 4839, Time: 00:08:53

Health: -6/69      AC: 18    Str: 24    XL:     9   Next: 0%
Magic:  12/12      EV:  4    Int:  9    God:    Makhleb [*.....]
Gold:   242        SH:  5    Dex: 13    Spells: 8/8 levels left

rFire   . . .      SeeInvis +    a - +0 quarterstaff
rCold   . . .      Faith    .    c - +0 buckler
rNeg    . . .      Spirit   .    d - +0 crystal plate armour
rPois   .          Reflect  .    (helmet unavailable)
rElec   .          Harm     .    (no cloak)
rCorr   .          Rampage  .    (no gloves)
Will    .....                    n - +0 pair of boots
Stlth   ..........               e - amulet of the acrobat
HPRegen 0.31/turn                (no ring)
MPRegen 0.13/turn                (no ring)

@: no status effects
A: permanent stasis, dig shafts and tunnels, antennae 3, four strong arms
a: Dig, Shaft Self, Renounce Religion


You were on level 6 of the Dungeon.
You worshipped Makhleb.
Makhleb was aware of your devotion.
You visited 1 branch of the dungeon, and saw 7 of its levels.

You collected 242 gold pieces.

Inventory:

Hand Weapons
 a - a +0 quarterstaff (weapon)
Armour
 b - a +0 scale mail
 c - a +0 buckler (worn)
 d - a +0 crystal plate armour (worn)
 h - a +2 ring mail of poison resistance
 m - a +0 chain mail
 n - a +0 pair of boots (worn)
Jewellery
 e - an amulet of the acrobat (around neck)
Wands
 p - a wand of charming (8)
Scrolls
 f - a scroll of amnesia
 g - 3 scrolls of teleportation
 i - 2 scrolls of identify {unknown}
 j - a scroll of fear {unknown}
 l - a scroll of magic mapping
 q - 2 scrolls of butterflies {unknown}
 r - a scroll of silence {unknown}
 t - 2 scrolls of noise {unknown}
Potions
 o - a potion of haste {unknown}
 s - a potion of curing


   Skills:
 + Level 6.2 Fighting
 + Level 6.1 Staves
 + Level 5.2 Armour
 + Level 6.3 Shields
 + Level 5.2 Invocations


You had 8 spell levels left.
You didn't know any spells.
Your spell library contained the following spells:

 Spells                   Type           Power      Damage    Failure   Level
 Portal Projectile        Hex/Tloc       0%         N/A       100%        3
 Tukima's Dance           Hex            0%         N/A       100%        3
 Blade Hands              Tmut           0%         N/A       100%        5


Dungeon Overview and Level Annotations

Branches:
Dungeon (7/15)             Temple (0/1) D:5

Altars:
Fedhas
Makhleb
Vehumet

Annotations:
D:6 exclusion: statue


Innate Abilities, Weirdness & Mutations

You cannot be hasted, slowed, berserked, paralysed or teleported.
You can dig through walls and to a lower floor.
You have a pair of large antennae on your head. (SInv)
Your four strong arms can wield two-handed weapons with a shield.


Message History

The gnoll sergeant hits you from afar with a +6 trident of distortion!
The scorpion stings you but does no damage.
You hit the scorpion.
The scorpion is almost dead.
The white imp shouts, "Slither hence, thou lumpish toot-wallowing zombie-fodder!"
A scorpion comes into view.
The gnoll sergeant hits you but does no damage.
The scorpion stings you but does no damage.
You hit the scorpion.
You kill the scorpion!
Makhleb accepts your kill.
The gnoll sergeant hits you from afar with a +6 trident of distortion!
Space warps around you.
* * * LOW HITPOINT WARNING * * *
You closely miss the white imp. You block the gnoll sergeant's attack.
The white imp gestures at you.
The puff of frost hits you but does no damage.
Unknown command.
You sock the white imp!
The white imp is almost dead.
You block the gnoll sergeant's attack. The white imp gestures at you.
The puff of frost hits you but does no damage.
You thump the white imp!
You kill the white imp!
Makhleb accepts your kill.
The gnoll sergeant hits you from afar with a +6 trident of distortion.
* * * LOW HITPOINT WARNING * * *
Space warps around you.
* * * LOW HITPOINT WARNING * * *
You have reached level 9!
Your experience leads to an increase in your attributes!
Increase (S)trength, (I)ntelligence, or (D)exterity?
You feel stronger. x2
As you read the scroll labelled HEECUE LEDIAMM, it crumbles to dust.
It is a scroll of amnesia.
You feel forgetful for a moment.
The scorpion stings you but does no damage.
The gnoll sergeant hits you from afar with a +6 trident of distortion!
You die...

##.# +#...#+
######.....#####
...............
#...........# # {
#....⌠....# .#
#.......##..#
+.......@s..# {
##.......##g.# {
#..).#....# .#
#..##+##..# #
#.## ##.#
...####'#######+#
#..............
+.....#.......#
#.....#..>....#


You could see a gnoll sergeant and a scorpion.

Vanquished Creatures
  Menkaure (D:4)
  2 water moccasins
  An ogre (D:6)
  A centaur (D:4)
  A phantom (D:6)
  A bullfrog (D:7)
  2 necrophages (D:4)
  5 scorpions
  A hound (D:5)
  2 orc priests
  2 iguanas
  3 gnolls (D:5)
  6 adders
  A shadow imp (D:7)
  A white imp (D:6)
  An ufetubus (D:4)
  7 worms
  8 orcs
  5 bats
  6 endoplasms
  4 giant cockroaches
  7 goblins
  4 hobgoblins
  6 jackals
  3 quokkas
  6 ball pythons
  2 frilled lizards
  7 kobolds
  5 rats
101 creatures vanquished.

Notes
Turn   | Place    | Note
-------+----------+-------------------------------------------
     0 | D:1      | slphil the Formicid Fighter began the quest for the Orb.
     0 | D:1      | Reached XP level 1. HP: 18/18 MP: 1/1
   135 | D:1      | Reached XP level 2. HP: 24/24 MP: 2/2
   420 | D:1      | Reached XP level 3. HP: 29/29 MP: 3/3
   919 | D:2      | Found a faded altar of an unknown god.
  1123 | D:2      | Found a burning altar of Makhleb.
  1138 | D:2      | Became a worshipper of Makhleb the Destroyer
  1464 | D:3      | Reached XP level 4. HP: 34/37 MP: 4/4
  1830 | D:3      | Reached skill level 1 in Invocations
  1933 | D:3      | Reached XP level 5. HP: 42/42 MP: 6/6
  2700 | D:4      | Noticed a centaur
  2711 | D:4      | Killed a centaur
  2711 | D:4      | Reached * piety under Makhleb
  2712 | D:4      | Reached XP level 6. HP: 31/49 MP: 6/8
  2911 | D:4      | Reached skill level 5 in Staves
  3046 | D:4      | Noticed a water moccasin
  3059 | D:4      | Killed a water moccasin
  3060 | D:4      | Reached skill level 5 in Fighting
  3060 | D:4      | Reached XP level 7. HP: 49/56 MP: 9/9
  3105 | D:4      | Noticed Menkaure
  3111 | D:4      | Killed Menkaure
  3121 | D:4      | Reached skill level 5 in Shields
  3525 | D:5      | Entered Level 5 of the Dungeon
  3591 | D:5      | Found a staircase to the Ecumenical Temple.
  3623 | D:5      | Noticed a water moccasin
  3624 | D:5      | Reached XP level 8. HP: 27/63 MP: 9/11
  4164 | D:5      | Found a blossoming altar of Fedhas.
  4218 | D:5      | You fall into a shaft and drop 1 floor!
  4263 | D:6      | Found a radiant altar of Vehumet.
  4332 | D:6      | You fall into a shaft and drop 1 floor!
  4332 | D:7      | Found a burning altar of Makhleb.
  4633 | D:6      | Reached skill level 5 in Armour
  4633 | D:6      | Reached skill level 5 in Invocations
  4839 | D:6      | Reached XP level 9. HP: 9/69 MP: 12/12
  4839 | D:6      | Mangled by a gnoll sergeant

Illustrated notes

Levels and vault maps discovered:
D:1:      minmay_arrival_plants_in_alcoves, layout_loops_ring
D:2:      layout_rooms, chequers_ecumenical_altar_simple_redux, basic_altar,
          grunt_decor_arrowhead
D:3:      layout_basic
D:4:      layout_basic, uniq_menkaure
D:5:      layout_cave_pools, mainiacjoe_overflow_boulevard,
          general_overflow_altar, nicolae_overflow_hidden_temple,
          minmay_temple_entry_mist, serial_co_window_serial, co_window_paths_b,
          co_window_paths_b, co_window_paths_a, co_window_corner_a,
          co_window_corner_a, co_window_of_opportunity_c,
          co_window_of_opportunity_b, co_window_corner_b,
          co_window_unsneaky_path_e, co_window_broadway_b, glass_columns_b,
          glass_columns_a
D:6:      layout_gridville, vehumet_statue, gup_sewer_entry_pipe,
          minmay_pentangle
D:7:      layout_basic, good_gods_temple_1, mainiacjoe_overflow_chevrons

Skill      XL: |  1  2  3  4  5  6  7  8 |
---------------+-------------------------+-----
Staves         | 3 4 5 6 |  6.1
Fighting       | 4 5 6 |  6.2
Invocations    | 1 2 3 4 5 |  5.2
Armour         | 4 5 |  5.2
Shields        | 5 6 |  6.3

Action                   |  1- 3 |  4- 6 |  7- 9 || total
-------------------------+-------+-------+-------++-------
Melee: Quarterstaff      |   122 |   117 |   166 ||   405
 Abil: Shaft Self        |       |       |     1 ||     1
  Use: Scroll            |       |     2 |     1 ||     3
       Potion            |       |     1 |     4 ||     5
Armor: Scale mail        |    30 |       |       ||    30
       Chain mail        |    11 |    34 |       ||    45
       Crystal plate arm |       |    23 |   127 ||   150
Dodge: Dodged            |    74 |    49 |    27 ||   150
Block: Buckler           |    29 |    23 |    40 ||    92

Table legend: (Time is in decaauts)
 A = Elapsed time spent in this place.
 B = Non-inter-level travel time spent in this place.
 C = Inter-level travel time spent in this place.
 D = Time resting spent in this place.
 E = Time spent auto-exploring this place.
 F = Levels seen in this place.
 G = Mean time per level.
                   A        B        C        D        E       F      G
               +--------+--------+--------+--------+--------+-----+--------+
         Total |   4883 |   4747 |    136 |    286 |   3506 |   7 |  697.6 |
       Dungeon |   4883 |   4747 |    136 |    286 |   3506 |   7 |  697.6 |
               +--------+--------+--------+--------+--------+-----+--------+

Top non-repeatable levels by time:
     D:3: 1159 daAuts
     D:4: 1055 daAuts
     D:1: 867 daAuts
     D:5: 699 daAuts
     D:2: 479 daAuts
     D:6: 354 daAuts
     D:7: 268 daAuts
